Map: Frost LE

Players

Fropez - Winner!

  • Race: Protoss Protoss
  • League: Gold
  • Spawn Location: 1:00

Vindictus

  • Race: Zerg Zerg
  • League: Silver
  • Spawn Location: 7:00

VOD

Have the link to the VOD?

Description

Time

  • Played on: Sept. 23, 2016, 10:59 a.m.
  • Length: 8:16
Show
View Real Time Build Order
Export as new Build Order

Fropez Protoss - Winner!

Build Orders: 1 Gate Expand 

Get SALT Encoding   

  12  0:00  Probe (Chrono Boost)  
  13  0:11  Probe (Chrono Boost)  
  14  0:18  Pylon  
  14  0:22  Probe (Chrono Boost)  
  15  0:36  Gateway  
  15  0:42  Probe (Chrono Boost)  
  16  0:47  Assimilator  
  16  0:52  Probe (Chrono Boost)  
  17  1:03  Probe (Chrono Boost)  
  18  1:13  Probe (Chrono Boost)  
  19  1:24  Nexus  
  19  1:36  Pylon x2  
  19  1:50  Cybernetics Core  
  19  2:05  Pylon  
  19  2:06  Probe (Chrono Boost)  
  20  2:13  Assimilator  
  20  2:16  Probe (Chrono Boost)  
  21  2:28  Gateway  
  21  2:30  Gateway  
  21  2:39  Gateway  
  21  2:41  Warp Gate (Chrono Boost)  
  21  2:48  Mothership Core  
  23  2:55  Adept  
  25  3:05  Probe  
  26  3:16  Adept  
  26  3:18  Adept  
  30  3:22  Adept  
  30  3:25  Adept  
  34  3:46  Pylon  
  33  3:48  Probe  
  33  3:49  Robotics Facility  
  33  3:55  Adept  
  36  4:02  Adept  
  38  4:05  Probe  
  39  4:19  Probe  
  39  4:20  Twilight Council  
  32  4:54  Warp Prism  
  32  4:57  Resonating Glaives (Chrono Boost)  
  32  5:01  Pylon, Gateway  
  32  5:02  Probe x2  
  34  5:10  Gateway  
  34  5:11  Pylon  
  34  5:15  Probe  
  33  5:30  Adept x2  
  35  5:36  Adept  
  35  5:41  Adept  
  37  5:46  Probe  
  37  5:48  Probe  
  39  5:57  Probe  
  39  6:02  Probe  
  39  6:04  Forge  
  41  6:07  Probe  
  42  6:13  Adept  
  42  6:14  Adept, Probe  
  47  6:19  Adept  
  47  6:20  Probe  
  50  6:27  Probe  
  50  6:31  Pylon  
  51  6:34  Pylon  
  51  6:45  Adept  
  51  6:46  Adept  
  55  6:55  Adept  
  55  6:56  Adept  
  59  7:02  Adept  
  53  7:24  Adept x2  
  53  7:25  Adept x3  
  51  7:49  Adept x3  
  51  7:50  Adept x2  
  61  7:55  Probe  
  61  7:56  Probe  
Show
View Real Time Build Order
Export as new Build Order

Vindictus Zerg 

Build Orders: 3 Hatch before Pool 

Get SALT Encoding   

  12  0:52  Overlord x2, Drone  
  13  1:09  Hatchery  
  12  1:16  Drone x2  
  14  1:30  Drone  
  15  1:37  Hatchery  
  14  1:48  Drone x2  
  16  2:00  Drone  
  17  2:20  Extractor  
  16  2:24  Spawning Pool  
  16  2:27  Hatchery  
  14  2:30  Extractor  
  14  2:32  Drone x2  
  14  2:34  Drone  
  16  2:45  Drone x3  
  16  2:50  Drone  
  20  3:08  Drone x3  
  20  3:10  Drone x2  
  25  3:17  Queen  
  27  3:26  Drone x2  
  29  3:28  Drone  
  30  3:36  Queen  
  32  3:47  Zergling x6  
  35  3:51  Overlord  
  35  4:03  Spine Crawler  
  35  4:06  Zergling x2  
  35  4:08  Zergling x6  
  38  4:10  Zergling x2  
  38  4:11  Zergling x2  
  38  4:16  Metabolic Boost  
  40  4:27  Queen  
  39  4:43  Zergling x4  
  39  4:44  Zergling x2  
  39  4:45  Zergling x6  
  38  4:46  Zergling x4  
  38  4:57  Drone x2  
  40  5:20  Drone x3  
  42  5:22  Zergling x6  
  42  5:24  Zergling x4  
  42  5:25  Zergling x2  
  38  5:52  Drone x4  
  38  5:53  Drone x2  
  38  5:54  Drone  
  38  5:55  Lair  
  45  6:01  Drone  
  46  6:05  Drone x3  
  49  6:13  Drone x2  
  49  6:14  Drone  
  49  6:15  Drone x2  
  49  6:17  Drone  
  55  6:19  Drone  
  56  6:34  Extractor x2  
  56  6:35  Drone  
  55  6:40  Extractor  
  55  6:43  Extractor  
  53  6:52  Evolution Chamber  
  48  6:54  Evolution Chamber x2  
  42  7:01  Zergling x6  
  42  7:02  Zergling x10  
  42  7:03  Zergling x8  
  42  7:04  Zergling x6  
  56  7:12  Queen  
  45  7:30  Drone x5  
  45  7:31  Drone  
  45  7:32  Queen  
  45  7:34  Overlord x2  
Tags
 
Add a new tag
Caveats
  • Supply blocks, unpowered buildings, or Contaminate may cause inaccurate times.
  • Supply counts are checked every 10 seconds.